Map: Station de Dasan EC

Players

Bhaal - Winner!

  • Race: Zerg Zerg
  • League: Diamond

Worming

  • Race: Zerg Zerg
  • League: Diamond

VOD

Have the link to the VOD?

Description

Time

  • Played on: Oct. 14, 2016, 2:54 p.m.
  • Length: 3:11
Show
View Real Time Build Order
Export as new Build Order

Bhaal Zerg - Winner!

Build Orders: Pool First 

Get SALT Encoding   

  12  0:01  Drone  
  13  0:22  Spawning Pool  
  13  0:25  Drone  
  13  0:29  Extractor  
  13  0:31  Drone  
  13  0:40  Drone  
  14  0:49  Overlord  
  14  1:11  Zergling x6  
  16  1:12  Queen  
  19  1:39  Baneling Nest, Zergling x4  
  20  1:49  Zergling x2  
  21  2:08  Zergling x2  
  21  2:11  Overlord  
  20  2:28  Zergling x4  
  20  2:39  Zergling x6  
  20  2:41  Baneling x3  
  20  2:42  Baneling  
  23  3:00  Hatchery  
Show
View Real Time Build Order
Export as new Build Order

Worming Zerg 

Build Orders: Pool First 

Get SALT Encoding   

  12  0:01  Drone  
  13  0:10  Drone  
  14  0:25  Spawning Pool  
  13  0:28  Drone  
  14  0:45  Overlord  
  14  0:49  Extractor  
  13  0:50  Drone  
  13  0:51  Drone, Extractor  
  16  1:05  Drone  
  17  1:11  Queen  
  17  1:12  Zergling x2  
  20  1:27  Hatchery  
  20  1:32  Overlord  
  19  1:35  Extractor  
  19  1:37  Zergling x2  
  19  1:44  Zergling x2  
  19  2:00  Zergling x2  
  20  2:05  Zergling x2  
  20  2:07  Queen  
  23  2:21  Zergling x2  
  23  2:22  Zergling x6  
  26  2:47  Overlord  
  26  2:51  Zergling x4  
  26  2:56  Baneling Nest  
Tags
 
Add a new tag
Caveats
  • Supply blocks, unpowered buildings, or Contaminate may cause inaccurate times.
  • Supply counts are checked every 10 seconds.